AoeStats
← EMPEROR98265292

Arena

510086652Analyzed
2v2 RM · 4d ago on Sep 29, 2026· 37m 53s· 4 players
Game mode
Random Map
Map size
Medium (4 player)
Population
200
Speed
Normal
Resources
Standard
Victory
Conquest
Starting age
Dark Age
Ending age
Imperial Age
RankedLock teamsTeams togetherTeam positionsShared explorationLock speedFull tech treeHidden civsTurbo modeCheats
Victory
Defeat
🇮🇳 Danes · India
1521
+13
🇮🇳 Saxons · India
1318
+22
🇪🇸 Turks · Spain
1455
-18
🇹🇷 Franks · Türkiye
1439
-17
EMPEROR98265292
8:17 Loom
10:05 Feudal Age
14:37 Castle Age
12:35 Double-Bit Axe
12:34 Horse Collar
16:00 Bow Saw
19:36 Scale Mail Armor
20:09 Loom
20:16 Gambesons
22:15 Squires
23:52 Forging
24:01 Chain Mail Armor
24:38 Forging
26:41 Wheelbarrow
27:07 Iron Casting
27:05 Stone Mining
27:05 Gold Mining
32:22 Imperial Age
30:09 Hand Cart
30:56 Hamask
32:43 Arson
33:51 Plate Mail Armor
32:44 Capped Ram
33:25 Elite Varangian Guard
35:19 Blast Furnace
23
9:53 Feudal Age
11:03 Double-Bit Axe
13:36 Castle Age
12:01 Horse Collar
16:04 Bow Saw
20:11 Fletching
21:20 Bodkin Arrow
21:16 Loom
21:27 Gold Mining
23:04 Ballistics
23:30 Padded Archer Armor
26:49 Wheelbarrow
26:00 Town Watch
26:31 Thumb Ring
30:07 Hand Cart
30:07 Husbandry
30:17 Bloodlines
30:09 Stone Mining
34:34 Imperial Age
33:06 Leather Archer Armor
33:51 Scale Mail Armor
33:53 Squires
33:49 Elite Skirmisher
33:51 Crossbowman
35:14 Bracer
36:16 Chemistry
35:40 Conscription
35:31 Arbalester
36:54 Ring Archer Armor
36:49 Elite Skirmisher
37:35 Heavy Plow
FeoXVI
4:08 Loom
11:04 Feudal Age
9:37 Loom
14:59 Castle Age
14:53 Gold Mining
14:50 Double-Bit Axe
17:35 Town Watch
19:07 Fletching
22:39 Padded Archer Armor
26:24 Horse Collar
27:27 Wheelbarrow
30:25 Imperial Age
29:39 Scale Barding Armor
31:13 Bloodlines
33:56 Husbandry
33:47 Heavy Camel Rider
37:32 Forging
37:44 Chain Barding Armor
Brutalitops
10:11 Feudal Age
13:51 Castle Age
12:32 Double-Bit Axe
18:39 Bow Saw
20:52 Scale Barding Armor
22:26 Chain Barding Armor
23:27 Forging
25:37 Husbandry
27:10 Iron Casting
28:38 Loom
29:56 Wheelbarrow
29:47 Town Watch
31:03 Hand Cart
34:51 Imperial Age
33:04 Gold Mining
34:56 Gold Shaft Mining
35:24 Cavalier
Connection lost

Rejoining the realm…

Still unreachable

The connection could not be restored.

Session expired

The server has moved on; the page needs a fresh start.